 Dungeon Crawl Stone Soup version 0.31.0-7-gf635a9b802 (webtiles) character file.

Game seed: 7104456128868653349

29921 inmateoo the Severer (level 13, 0/117 HPs)
             Began as a Minotaur Fighter on Jan 23, 2024.
             Was an Elder of the Shining One.
             Slain by a yaktaur captain (13 damage)
             ... on level 13 of the Dungeon.
             The game lasted 00:13:23 (11057 turns).

inmateoo the Severer (Minotaur Fighter)            Turns: 11057, Time: 00:13:23

Health: 0/117      AC: 14    Str: 24    XL:     13   Next: 17%
Magic:  14/14      EV: 16    Int:  8    God:    the Shining One [****..]
Gold:   601        SH:  7    Dex: 17    Spells: 12/12 levels left

rFire   + . .        F - +6 hand axe "Trog's Hatred" {freeze, *Rage rPois Str+3 Dex+7}
rCold   . . .        c - +0 buckler
rNeg    + + .        w - +5 ring mail of the Gastropod {rF+ Regen+ Int+3 Dex-5}
rPois   +            (helmet restricted)
rElec   .            b - scarf {repulsion}
rCorr   +            (no gloves)
SInv    .            k - +0 pair of boots
Will    .....        G - amulet of regeneration
Stlth   +            y - ring of resist corrosion
HPRegen 1.99/turn    (no ring)
MPRegen 0.14/turn

%: random rage (20%), repel missiles
@: flayed, on berserk cooldown, slowed, glowing, very slow
A: horns 2, retaliatory headbutt
a: Renounce Religion, Divine Shield, Cleansing Flame


You were on level 13 of the Dungeon.
You worshipped the Shining One.
The Shining One was greatly pleased with you.
You visited 2 branches of the dungeon, and saw 14 of its levels.
You also visited: Sewer.

You collected 822 gold pieces.
You spent 221 gold pieces at shops.

Inventory:

Hand Weapons
 f - a +0 broad axe
 F - the +6 hand axe "Trog's Hatred" (weapon) {freeze, *Rage rPois Str+3 Dex+7}
   (You found it on level 7 of the Dungeon)

   Str+3:     It affects your strength (+3).
   Dex+7:     It affects your dexterity (+7).
   rPois:     It protects you from poison *Rage: It berserks you when you make
   melee attacks (+20% chance).
 I - a +2 scimitar of flaming
Missiles
 g - 27 poisoned darts (quivered)
Armour
 b - a scarf of repulsion (worn)
 c - a +0 buckler (worn)
 k - a +0 pair of boots (worn)
 w - the +5 ring mail of the Gastropod (worn) {rF+ Regen+ Int+3 Dex-5}
   (You found it on level 5 of the Dungeon)

   Int+3:     It affects your intelligence (+3).
   Dex-5:     It affects your dexterity (-5).
   rF+:       It protects you from fire.
   Regen+:    It increases your rate of health regeneration.
 B - a +0 cloak of stealth
Jewellery
 v - a ring of fire
 y - a ring of resist corrosion (left hand)
 G - an amulet of regeneration (around neck)
 J - a ring of ice
Wands
 j - a wand of paralysis (11)
 r - a wand of flame (45)
 t - a wand of iceblast (9)
 D - a wand of polymorph (3)
Scrolls
 h - 5 scrolls of teleportation
 m - 5 scrolls of fog
 q - 3 scrolls of enchant armour
 x - 2 scrolls of revelation
 C - a scroll of poison
 E - 2 scrolls of immolation
 H - 2 scrolls of vulnerability
Potions
 d - 5 potions of might
 e - 8 potions of curing
 i - 2 potions of cancellation
 l - 5 potions of mutation
 n - 3 potions of berserk rage {unknown}
 o - 9 potions of ambrosia
 p - 5 potions of haste
 s - 3 potions of lignification
 u - a potion of attraction
 z - a potion of invisibility
 A - a potion of resistance


   Skills:
 + Level 11.7 Fighting
 * Level 15.5 Axes
 + Level 11.7 Armour
 + Level 9.9 Dodging
 + Level 11.5 Shields
 + Level 3.4 Invocations


You had 12 spell levels left.
You didn't know any spells.
Your spell library contained the following spells:

 Spells                   Type           Power      Damage    Failure   Level
 Magic Dart               Conj           0%         1d3       56%         1
 Searing Ray              Conj           0%         2d4       71%         2
 Fulminant Prism          Conj/Alch      0%         3d5       100%        4


Dungeon Overview and Level Annotations

Branches:
Dungeon (13/15)            Temple (1/1) D:5            Lair (0/5) D:11
    Orc (0/2) D:12          Sewer (visited)
 Vaults: D:13-14

Altars:
Ashenzari
Cheibriados
Dithmenos
Elyvilon
Fedhas
Gozag
Hepliaklqana
Kikubaaqudgha
Makhleb
Nemelex Xobeh
Okawaru
Qazlal
Ru
Sif Muna
Trog
Uskayaw
Vehumet
Wu Jian
Xom
Yredelemnul
Zin
The Shining One

Shops:
D:7 (*

Annotations:
D:10 1 runed translucent door


Innate Abilities, Weirdness & Mutations

You have a pair of horns on your head.
You reflexively headbutt those who attack you in melee.


Message History

You block the deep troll earth mage's attack.
The deep troll earth mage misses you.
You barely miss the flayed ghost.
The flayed ghost is moderately damaged.
You hit the deep troll earth mage. You freeze the deep troll earth mage.
You kill the deep troll earth mage!
You slash the yaktaur captain! You freeze the yaktaur captain.
You are no longer berserk.
You are exhausted.
You feel yourself slow down.
You are too injured to fight recklessly!
You slice the flayed ghost!! You freeze the flayed ghost.
The flayed ghost is heavily damaged.
You hit the yaktaur captain. You freeze the yaktaur captain.
The steelbarb worm changes into a water nymph!
The flayed ghost hits you!!
* * * LOW HITPOINT WARNING * * *
The yaktaur captain hits you.
* * * LOW HITPOINT WARNING * * *
You are too injured to fight recklessly!
You closely miss the flayed ghost.
The flayed ghost is heavily damaged.
You slash the skeletal warrior! You freeze the skeletal warrior.
You hit the yaktaur captain. You freeze the yaktaur captain.
The skeletal warrior hits you with a +0 long sword!
* * * LOW HITPOINT WARNING * * *
The flayed ghost misses you. You furiously retaliate!
You headbutt the flayed ghost! The yaktaur captain barely misses you.
You are too injured to fight recklessly!
You hit the flayed ghost. You freeze the flayed ghost.
You headbutt the flayed ghost!
The flayed ghost is almost destroyed.
You slash the skeletal warrior! You freeze the skeletal warrior.
You slash the yaktaur captain! You freeze the yaktaur captain.
The skeletal warrior closely misses you.
The flayed ghost cries, "Feel what I felt!"
Terrible wounds spread across more of your body!
* * * LOW HITPOINT WARNING * * *
The yaktaur captain hits you!
You die...

.^...................
.....................
.....................
.....................
#############.#######
#...#!#.#(#...#
#.#..?#(#?..#.#
#.$.#)#(#?#...# ##
###@### ##


#cWz# , .Q~m~.. ..##..~##.. #. ##### .# # .W. # .(. ?)! You could see a tengu
reaver (repels missiles), a yaktaur captain, a skeletal warrior, a flayed ghost,
a water nymph shaped shifter and a shadow.

Vanquished Creatures
  Rupert (D:12)
  2 hydras
  Fannar (D:11)
  An ogre mage (D:13)
  4 two-headed ogres
  A tengu warrior (D:13)
  A deep troll earth mage (D:13)
  Nergalle (D:11)
  2 cyclopes (D:13)
  Maurice (D:11)
  2 ugly things
  3 meliai (D:12)
  3 gargoyles
  2 efreet
  An unseen horror (D:10)
  A yaktaur (D:13)
  A queen bee (D:12)
  4 trolls
  Grinder (D:6)
  3 hornets
  2 shadows (D:11)
  7 slime creatures (D:12)
  5 wraiths
  A water elemental (D:11)
  19 yaks
  3 basilisks
  Eustachio (D:5)
  8 vampire mosquitoes
  2 steam dragons
  5 acid dragons
  2 water moccasins
  A swamp drake (D:12)
  An ice beast (D:6)
  5 black bears
  9 orc warriors
  5 wolves (D:11)
  5 ogres
  4 centaurs
  2 phantoms
  3 kobold brigands
  4 bullfrogs
  A necrophage (D:4)
  5 scorpions
  5 wights
  34 killer bees
  7 electric eels
  4 howler monkeys (D:9)
  A human zombie (D:4)
  3 gnoll boudas
  10 hounds
  4 jellies
  11 orc priests
  Crazy Yiuf (D:5)
  A scorpion zombie (D:4)
  5 iguanas
  9 orc wizards
  Natasha (D:2)
  A hound zombie (D:4)
  A howler monkey zombie (D:4)
  16 gnolls
  5 river rats
  9 adders
  3 shadow imps
  3 white imps
  An ufetubus (D:6)
  2 adder zombies (D:4)
  3 adder skeletons (D:4)
  3 dart slugs
  A ribbon worm (Sewer)
  41 orcs
  10 ball pythons
  12 endoplasms
  5 giant cockroaches
  8 goblins
  6 hobgoblins
  5 jackals
  4 bats
  4 frilled lizards
  36 kobolds
  10 rats
421 creatures vanquished.

Vanquished Creatures (others)
  A kobold brigand (D:8)
1 creature vanquished.

Grand Total: 422 creatures vanquished

Notes
Turn   | Place    | Note
-------+----------+-------------------------------------------
     0 | D:1      | inmateoo the Minotaur Fighter began the quest for the Orb.
     0 | D:1      | Reached XP level 1. HP: 19/19 MP: 0/0
   150 | D:1      | Reached XP level 2. HP: 27/27 MP: 1/1
   232 | D:1      | Reached skill level 3 in Axes
   514 | D:1      | Reached XP level 3. HP: 33/33 MP: 2/2
  1263 | D:2      | Reached skill level 1 in Dodging
  1580 | D:3      | Noticed Natasha
  1646 | D:2      | Reached XP level 4. HP: 40/40 MP: 3/3
  1651 | D:2      | Killed Natasha
  1660 | D:3      | Reached skill level 4 in Axes
  1677 | D:3      | Found a sacrificial altar of Ru.
  1775 | D:3      | Noticed a scorpion
  1783 | D:3      | Killed a scorpion
  1784 | D:3      | Reached XP level 5. HP: 45/47 MP: 4/4
  1817 | D:3      | Found a glowing drain.
  1839 | Sewer    | Entered a sewer
  2083 | Sewer    | Reached XP level 6. HP: 43/53 MP: 5/5
  2440 | D:3      | Reached skill level 5 in Axes
  2987 | D:4      | Reached skill level 5 in Armour
  2987 | D:4      | Reached skill level 5 in Shields
  2998 | D:4      | Reached skill level 5 in Fighting
  3063 | D:4      | Reached XP level 7. HP: 61/61 MP: 6/6
  3074 | D:4      | Identified the +0 pair of boots of the Accordion {Rampage
                  | Int+2}
  3207 | D:4      | Reached skill level 6 in Axes
  3310 | D:4      | Found a shadowy altar of Dithmenos.
  3440 | D:4      | Found an ancient bone altar of Kikubaaqudgha.
  3606 | D:5      | Entered Level 5 of the Dungeon
  3640 | D:5      | Reached XP level 8. HP: 70/70 MP: 7/7
  3679 | D:5      | Reached skill level 7 in Axes
  3813 | D:5      | Noticed Eustachio
  3843 | D:5      | Killed Eustachio
  4009 | D:5      | Reached skill level 8 in Axes
  4023 | D:5      | Reached XP level 9. HP: 48/78 MP: 8/8
  4122 | D:5      | Identified the +5 ring mail of the Gastropod {rF+ Regen+
                  | Int+3 Dex-5}
  4275 | D:5      | Found a runed translucent door.
  4276 | D:5      | Noticed Crazy Yiuf
  4322 | D:5      | Found a staircase to the Ecumenical Temple.
  4488 | Temple   | Entered the Ecumenical Temple
  4505 | Temple   | Became a worshipper of the Shining One
  4671 | D:5      | Killed Crazy Yiuf
  4892 | D:6      | Reached skill level 5 in Dodging
  4940 | D:6      | Identified the amulet of Inephump {RegenMP Harm Will+
                  | Str-4}
  5030 | D:6      | Reached skill level 9 in Axes
  5158 | D:6      | Found a burning altar of Makhleb.
  5163 | D:6      | Noticed Grinder
  5174 | D:6      | Paralysed by Grinder for 2 turns
  5185 | D:6      | Killed Grinder
  5217 | D:6      | Reached * piety under the Shining One
  5322 | D:6      | Found a blossoming altar of Fedhas.
  5330 | D:6      | Identified the +1 robe of Bunt {rF++}
  5632 | D:7      | Found Gateng's Assorted Antiques.
  5644 | D:7      | Bought a scroll of teleportation for 84 gold pieces
  5644 | D:7      | Bought a potion of might for 112 gold pieces
  5644 | D:7      | Bought an emerald potion for 25 gold pieces
  5661 | D:7      | Identified the +6 hand axe "Trog's Hatred" {freeze, *Rage
                  | rPois Str+3 Dex+7}
  5740 | D:7      | Reached skill level 10 in Axes
  5886 | D:7      | Found Siymisch's Antique Weapon Emporium.
  6224 | D:8      | Reached XP level 10. HP: 88/88 MP: 9/9
  6272 | D:8      | Noticed a two-headed ogre
  6279 | D:8      | Killed a two-headed ogre
  6584 | D:9      | Found a white marble altar of Elyvilon.
  6584 | D:9      | Found a radiant altar of Vehumet.
  6593 | D:9      | Found a basalt altar of Yredelemnul.
  6595 | D:9      | Found an iron altar of Okawaru.
  6600 | D:9      | Identified the +6 sling of the Building Badger {speed,
                  | Stlth+}
  6680 | D:9      | Reached skill level 11 in Axes
  7297 | D:10     | Entered Level 10 of the Dungeon
  7437 | D:10     | Found a sparkling altar of Nemelex Xobeh.
  7437 | D:10     | Found an opulent altar of Gozag.
  7526 | D:10     | Found a hide-covered altar of Uskayaw.
  7569 | D:10     | Reached ** piety under the Shining One
  7600 | D:10     | Found a runed translucent door.
  7778 | D:10     | Found a runed translucent door.
  7937 | D:10     | Reached skill level 12 in Axes
  7972 | D:10     | Reached XP level 11. HP: 97/97 MP: 10/10
  8522 | D:10     | Noticed an eight-headed hydra
  8538 | D:10     | Killed a 17-headed hydra
  8548 | D:10     | Reached skill level 13 in Axes
  8559 | D:10     | Reached skill level 10 in Armour
  8605 | D:10     | Reached skill level 10 in Fighting
  8788 | D:11     | Noticed a two-headed ogre
  8795 | D:11     | Killed a two-headed ogre
  8796 | D:11     | Reached skill level 10 in Shields
  8914 | D:11     | Reached *** piety under the Shining One
  9039 | D:11     | Found a staircase to the Lair.
  9041 | D:11     | Noticed Maurice
  9100 | D:11     | Paralysed by Maurice for 5 turns
  9112 | D:11     | Maurice stole 162 gold
  9113 | D:11     | Killed Maurice
  9180 | D:11     | Noticed Fannar
  9191 | D:11     | Killed Fannar
  9192 | D:11     | Reached XP level 12. HP: 107/107 MP: 11/11
  9300 | D:11     | Noticed Nergalle
  9309 | D:11     | Killed Nergalle
  9313 | D:11     | Reached skill level 14 in Axes
  9984 | D:12     | Noticed Rupert
 10001 | D:12     | Found a staircase to the Orcish Mines.
 10012 | D:12     | Noticed a two-headed ogre
 10087 | D:12     | Reached **** piety under the Shining One
 10112 | D:12     | Reached skill level 1 in Invocations
 10208 | D:12     | Killed Rupert
 10360 | D:12     | Killed a two-headed ogre
 10376 | D:12     | Reached skill level 15 in Axes
 10554 | D:12     | Noticed a two-headed ogre
 10557 | D:12     | Killed a two-headed ogre
 11024 | D:13     | Noticed an ogre mage
 11031 | D:13     | Killed an ogre mage
 11031 | D:13     | Noticed a tengu warrior
 11032 | D:13     | Reached XP level 13. HP: 115/116 MP: 14/14
 11043 | D:13     | Found the +5 glaive of the Guard {elec, spectral}
 11051 | D:13     | Noticed a tengu reaver
 11057 | D:13     | Slain by a yaktaur captain

Illustrated notes

Levels and vault maps discovered:
D:1:      eino_arrival_cavern_b, layout_loops_ring
D:2:      layout_loops_corners, chequers_serial_rivers_small_b
D:3:      layout_basic, mainiacjoe_overflow_concentric_impassable,
          portal_sewer_entry_c, grunt_ministairs_14, uniq_natasha
D:4:      layout_basic, nicolae_dithmenos_the_darkroom,
          lemuel_mausoleum_altar_kikubaaqudgha
D:5:      layout_basic, minmay_temple_entry_enclosed_plants, minmay_circle_x,
          uniq_eustachio, uniq_crazy_yiuf_cottage
D:6:      layout_cave_pods, mainiacjoe_overflow_small_starburst, fedhas_altar_4,
          kennysheep_generic_room_9, uniq_grinder
D:7:      layout_basic, serial_shops, shop, shop
D:8:      layout_cave_pools, hex_large, hangedman_abyss_or_decor_stagger
D:9:      layout_loops_cross, nicolae_overflow_macrodata_refinement
D:10:     cheibrodos_histonic, layout_basic, grunt_temple_overflow_opulence,
          nicolae_uskayaw_dance_studio, minmay_starry_boxes
D:11:     layout_loops_ring, erik_lair_island, minmay_misc_feat_rugged,
          kennysheep_generic_room_6, uniq_nergalle, uniq_maurice, uniq_fannar
D:12:     layout_roguey [special_room_bee], erik_orc_1, uniq_rupert
D:13:     minmay_guarded_unrand_guard, layout_grid_maze, serial_shops,
          nicolae_shop_statue_plus, nicolae_figureground_sparkle
Temple:   zaba_magenta_temple

Skill      XL: |  1  2  3  4  5  6  7  8  9 10 11 12 |
---------------+-------------------------------------+-----
Axes           | 3 4 5 6 8 10 12 13 15 | 15.5
Armour         | 4 5 6 8 9 10 11 | 11.7
Shields        | 4 5 6 8 9 10 11 | 11.5
Dodging        | 1 2 3 4 6 7 8 9 |  9.9
Fighting       | 4 5 6 7 9 10 11 | 11.7
Invocations    | 3 |  3.4

Action                     |  1- 3 |  4- 6 |  7- 9 | 10-12 | 13-15 || total
---------------------------+-------+-------+-------+-------+-------++-------
  Melee: War axe           |    81 |   156 |   267 |       |       ||   504
         Headbutt          |    10 |    18 |    55 |   105 |     6 ||   194
         Hand axe          |       |       |    30 |   437 |    22 ||   489
  Evoke: Wand              |       |       |       |    11 |       ||    11
    Use: Scroll            |       |     7 |     6 |    11 |       ||    24
         Potion            |       |     6 |       |     6 |       ||    12
   Stab: Invisible         |       |     2 |       |       |       ||     2
 Armour: Scale mail        |    40 |     2 |       |       |       ||    42
         Chain mail        |       |   100 |    12 |       |       ||   112
         Plate armour      |       |       |   125 |       |       ||   125
         Ring mail         |       |       |    67 |   162 |    26 ||   255
         Skin              |       |       |       |    44 |       ||    44
  Dodge: Dodged            |    26 |    55 |   129 |   164 |    18 ||   392
         Repelled          |       |     1 |     2 |     5 |       ||     8
  Block: Buckler           |    48 |    95 |   162 |    94 |     8 ||   407
         Reflection        |       |       |     7 |       |       ||     7
